 Dungeon Crawl Stone Soup version 0.28-a0-514-g0d7ab7f379 (webtiles) character file.

Game seed: 281854317804314955

74 varam the Conjurer (level 4, -2/21 HPs)
             Began as a Spriggan Conjurer on Sept 22, 2021.
             Was an Initiate of Nemelex Xobeh.
             Killed from afar by an orc wizard (11 damage)
             ... with a puff of flame
             ... on level 3 of the Dungeon.
             The game lasted 00:08:05 (2373 turns).

varam the Conjurer (Spriggan Conjurer)              Turns: 2373, Time: 00:08:06

Health: -2/21      AC:  2    Str:  3    XL:     4   Next: 10%
Magic:  6/9        EV: 17    Int: 20    God:    Nemelex Xobeh [......]
Gold:   120        SH:  0    Dex: 13    Spells: 8/9 levels left

rFire   . . .      SeeInvis +   i - +1 short sword (elec)
rCold   . . .      Faith    .   (shield restricted)
rNeg    . . .      Spirit   .   a - +0 robe
rPois   .          Reflect  .   (helmet restricted)
rElec   .          Harm     .   (no cloak)
rCorr   .          Rampage  .   (gloves unavailable)
Will    .....                   (boots unavailable)
Stlth   +.........              (no amulet)
HPRegen 0.07/turn               (no ring)
MPRegen 0.11/turn               (no ring)

@: confused, very quick
A: very small, no large weapons, unfitting armour, see invisible, speed 3
a: Renounce Religion, Draw Escape, Draw Destruction, Draw Summoning


You were on level 3 of the Dungeon.
You worshipped Nemelex Xobeh.
Nemelex Xobeh was noncommittal.
You visited 1 branch of the dungeon, and saw 3 of its levels.

You collected 120 gold pieces.

Inventory:

Hand Weapons
 i - a +1 short sword of electrocution (weapon)
   (You took it off a kobold on level 2 of the Dungeon)
Armour
 a - a +0 robe (worn)
Jewellery
 g - an amulet of guardian spirit
   (You found it on level 2 of the Dungeon)
Wands
 j - a wand of flame (15)
   (You took it off Jessica on level 2 of the Dungeon)
Scrolls
 b - a scroll of fog {unknown}
 e - 2 scrolls of identify {unknown}
 f - a scroll of blinking {unknown}
 h - a scroll of teleportation {unknown}
 k - a scroll of holy word {unknown}
Potions
 c - a potion of lignification {unknown}
 d - 3 potions of curing {unknown}
 l - a potion of brilliance {unknown}


   Skills:
 + Level 3.4 Dodging
 - Level 3.4 Stealth
 - Level 3.0 Spellcasting
 * Level 3.9 Conjurations


You had 8 spell levels left.
You knew the following spells:

 Your Spells              Type           Power      Damage    Failure   Level
a - Magic Dart            Conj           72%        1d6       3%          1

Your spell library contained the following spells:

 Spells                   Type           Power      Damage    Failure   Level
 Searing Ray              Conj           36%        2d5       4%          2
 Dazzling Flash           Conj/Hex       20%        N/A       19%         3
 Blink                    Tloc           N/A        N/A       22%         2
 Slow                     Hex            3%         N/A       22%         2
 Confusing Touch          Hex            3%         N/A       38%         3
 Lesser Beckoning         Tloc           3%         N/A       38%         3
 Portal Projectile        Hex/Tloc       6%         N/A       38%         3
 Vampiric Draining        Necr           1%         2d6       38%         3
 Fulminant Prism          Conj/Hex       5%         3d7       54%         4
 Iskenderun's Mystic Bla  Conj/Tloc      10%        2d4       54%         4
 Blade Hands              Tmut           1%         N/A       98%         5
 Excruciating Wounds      Necr           1%         N/A       98%         5
 Manifold Assault         Tloc           3%         N/A       98%         5


Dungeon Overview and Level Annotations

Branches:
Dungeon (3/15)

Altars:
Nemelex Xobeh

Annotations:
D:2 Natasha, Robin


Innate Abilities, Weirdness & Mutations

You are very small and have problems with some larger weapons.
You are too small for most types of armour.
You have supernaturally acute eyesight. (SInv)
You cover ground extremely quickly. (Speed+++)


Message History

You hit the orc wizard.
The orc wizard is severely wounded.
A rat comes into view.
The orc wizard gestures at you while chanting.
The puff of flame hits you!
Casting: Magic Dart (safe; 3% risk of failure)
Confirm with . or Enter, or press ? or * to list all spells.
Aiming: Magic Dart (safe; 3% risk of failure)
Press: ? - help, Shift-Dir - straight line, f/p - orc wizard
Aim: an orc wizard, wielding a +0 dagger and wearing a +0 robe (severely wounded, 100% to hit)
The magic dart hits the orc wizard but does no damage.
The orc wizard is severely wounded.
The orc wizard barely misses you.
You hit the orc wizard but do no damage.
The orc wizard is severely wounded.
The orc wizard hits you with a +0 dagger.
You closely miss the orc wizard.
The orc wizard is severely wounded.
A bat comes into view.
The orc wizard hits you with a +0 dagger.
Casting: Magic Dart (safe; 3% risk of failure)
Confirm with . or Enter, or press ? or * to list all spells.
Aiming: Magic Dart (safe; 3% risk of failure)
Press: ? - help, Shift-Dir - straight line, f/p - orc wizard
Aim: an orc wizard, wielding a +0 dagger and wearing a +0 robe (severely wounded, 100% to hit)
The magic dart hits the orc wizard but does no damage.
The orc wizard is severely wounded.
The orc wizard casts a spell at you.
You are confused.
You're too confused to cast spells.
Okay, then.
You're too confused to cast spells.
Unknown command.
You bump into the rock wall.
The orc wizard closely misses you.
You bump into the rock wall.
The orc wizard gestures at you while chanting.
The puff of flame hits you!
Ouch! That really hurt!
You die...
Your body disappears without a glow.

###..#..# #.......#
........###.#######
#..........>......
##.###..###.######.
#...##..# #.#
#..#..# #.# #....#
#.# #..#.## #.#
#...##@# ##.#######
##.# #o# #........#
#. #o# ##.#####.# #
#o# #######.## #o#
#....#.#


br. #.###.## ... #.# ### ... #.# #.# You could see an orc wizard, 3 orcs, a bat
and a rat.

Vanquished Creatures
  Jessica (D:2)
  An adder (D:2)
  A worm (D:3)
  2 orcs
  2 ball pythons (D:2)
  4 bats
  4 endoplasms
  2 giant cockroaches
  5 goblins
  A hobgoblin (D:2)
  3 kobolds
  A quokka (D:1)
  5 rats
32 creatures vanquished.

Notes
Turn   | Place    | Note
-------+----------+-------------------------------------------
     0 | D:1      | varam the Spriggan Conjurer began the quest for the Orb.
     0 | D:1      | Reached XP level 1. HP: 9/9 MP: 5/5
   243 | D:1      | Reached XP level 2. HP: 13/13 MP: 3/6
  1381 | D:2      | Reached XP level 3. HP: 16/16 MP: 0/8
  1599 | D:2      | Noticed Natasha
  1808 | D:2      | Found a faded altar of an unknown god.
  1808 | D:2      | Noticed Jessica
  1815 | D:2      | Killed Jessica
  1866 | D:2      | Noticed Robin
  2057 | D:3      | Reached XP level 4. HP: 19/21 MP: 4/9
  2305 | D:3      | Found a sparkling altar of Nemelex Xobeh.
  2313 | D:3      | Became a worshipper of Nemelex Xobeh the Trickster
  2373 | D:3      | Killed from afar by an orc wizard

Illustrated notes

Levels and vault maps discovered:
D:1:      ncdulo_lavacross, layout_basic, lemuel_old_faithful
D:2:      layout_basic, serial_shops, shop, dreamdust_ecumenical_altar_statues,
          chequers_serial_rivers_large_a, uniq_natasha, uniq_jessica, uniq_robin
D:3:      layout_loops_ring, nicolae_overflow_crystal_walls,
          nemelex_xobeh_ov_fountains_minmay, eino_curves_02,
          serial_bayou_pond_c, uniq_terence

Skill      XL: |  1  2  3 |
---------------+----------+-----
Conjurations   | 3 |  3.9
Spellcasting   | 3 |  3.0
Dodging        | 3 |  3.4
Stealth        | |  3.4

Action                   |  1- 3 |  4- 6 || total
-------------------------+-------+-------++-------
Melee: Unarmed           |    14 |       ||    14
       Short sword       |     5 |     6 ||    11
 Cast: Magic Dart        |    74 |    16 ||    90
Armor: Robe              |     5 |       ||     5
Dodge: Dodged            |    16 |     4 ||    20

Table legend: (Time is in decaauts)
 A = Elapsed time spent in this place.
 B = Non-inter-level travel time spent in this place.
 C = Inter-level travel time spent in this place.
 D = Time resting spent in this place.
 E = Time spent auto-exploring this place.
 F = Levels seen in this place.
 G = Mean time per level.
                   A        B        C        D        E       F      G
               +--------+--------+--------+--------+--------+-----+--------+
         Total |   1916 |   1916 |      0 |    406 |   1158 |   3 |  638.7 |
       Dungeon |   1916 |   1916 |      0 |    406 |   1158 |   3 |  638.7 |
               +--------+--------+--------+--------+--------+-----+--------+

Top non-repeatable levels by time:
     D:1: 839 daAuts
     D:2: 810 daAuts
     D:3: 266 daAuts
